 Dungeon Crawl Stone Soup version 0.30-a0-840-ga523dec638 (webtiles) character file.

Game seed: 15219219857649259870

101 sircluck the Grave Robber (level 4, -1/30 HPs)
             Began as a Mummy Necromancer on Feb 28, 2023.
             Slain by an orc wizard
             ... wielding a +0 dagger
              (4 damage)
             ... on level 3 of the Dungeon on Mar 1, 2023.
             The game lasted 00:07:35 (2082 turns).

sircluck the Grave Robber (Mummy Necromancer)       Turns: 2082, Time: 00:07:36

Health: -1/30      AC:  2    Str: 11    XL:     4   Next: 48%
Magic:  5/9        EV: 12    Int: 16    God:
Gold:   61         SH:  0    Dex: 12    Spells: 9/10 levels left

rFire   x . .      SeeInvis .    d - +0 dagger
rCold   + . .      Faith    +    (no shield)
rNeg    + + +      Spirit   .    a - +0 robe
rPois   ∞          Reflect  .    (no helmet)
rElec   .          Harm     .    (no cloak)
rCorr   .          Rampage  .    (no gloves)
Will    .....                    (no boots)
Stlth   +                        (no amulet)
HPRegen 0.25/turn                (no ring)
MPRegen 0.11/turn                (no ring)

@: confused
A: cold resistance 1, negative energy resistance 3, torment resistance 2, heat
vulnerability 1, in touch with death 1, no potions, faith
a: no special abilities


You were on level 3 of the Dungeon.
You visited 1 branch of the dungeon, and saw 3 of its levels.

You collected 61 gold pieces.

Inventory:

Hand Weapons
 c - a +0 club
 d - a +0 dagger (weapon)
Missiles
 b - 20 stones
 g - 6 poisoned darts
Armour
 a - a +0 robe (worn)
Scrolls
 e - 2 scrolls of identify {unknown}
 f - a scroll of enchant weapon {unknown}


   Skills:
 + Level 0.2 Fighting
 + Level 0.1 Short Blades
 + Level 0.1 Maces & Flails
 + Level 1.9 Dodging
 + Level 1.9 Stealth
 + Level 0.1 Unarmed Combat
 + Level 3.7 Spellcasting
 + Level 5.0 Necromancy


You had 9 spell levels left.
You knew the following spells:

 Your Spells              Type           Power      Damage    Failure   Level
a - Necrotise             Necr           100%       1d9       2%          1

Your spell library contained the following spells:

 Spells                   Type           Power      Damage    Failure   Level
 Vampiric Draining        Necr           28%        2d8       6%          3
 Animate Dead             Necr           28%        N/A       22%         4
 Ozocubu's Armour         Ice            2%         N/A       45%         3
 Agony                    Necr           28%        N/A       52%         5
 Metabolic Englaciation   Hex/Ice        1%         N/A       99%         5
 Simulacrum               Ice/Necr       8%         N/A       100%        6


Dungeon Overview and Level Annotations

Branches:
Dungeon (3/15)

Altars:
Vehumet

Shops:
D:3 *


Innate Abilities, Weirdness & Mutations

You are immune to poison.
Your flesh is cold resistant. (rC+)
You are immune to negative energy. (rN+++)
You are immune to unholy pain and torment.
You are vulnerable to heat. (rF-)
You are in touch with the powers of death.
You do not drink.
You have a special connection with the divine. (Faith)


Message History

You feel a surge of power!
The orc wizard writhes in agony.
You hear some strange, mumbled words.
A magic dart appears from out of thin air!
The magic dart hits you.
The orc wizard hits you with a +0 dagger. x2
You feel a surge of power!
The orc wizard writhes in agony!
You kill the orc wizard!
The dead are walking!
Something hits you.
Your Necromancy skill increases to level 5!
You hit the orc wizard but do no damage.
Your punch misses the orc wizard. The orc wizard misses you.
Something hits you. x2
You hit the orc wizard but do no damage.
Something hits you but does no damage. Something hits you.
The orc wizard barely misses you.
You swap places.
Something hits your orc wizard skeleton.
The orc wizard casts a spell.
The orc wizard flickers and vanishes!
You hit something but do no damage. Something hits you.
Something closely misses your orc wizard skeleton.
Something hits you.
You hit something.
Something closely misses your orc wizard skeleton.
You hear some strange, mumbled words.
You are confused.
You hear some strange, mumbled words.
A magic dart appears from out of thin air!
The magic dart hits you.
* * * LOW HITPOINT WARNING * * *
Are you sure you want to stumble around while confused and next to your orc wizard skeleton?
A puff of flame appears from out of thin air!
The puff of flame hits something.
You barely miss something. Something barely misses you. Something hits you.
* * * LOW HITPOINT WARNING * * *
Are you sure you want to stumble around while confused and next to your orc wizard skeleton?
Something barely misses you.
Something barely misses your orc wizard skeleton.
Something hits you.
You die...

## ####
#..#..##
#_.'...##
#..#)Z{.##
## #...@.#
#.⌠.⌠.###
+..⌠....#
#.⌠.⌠.#.#
#.....#.#
#....##.#
+...##..#
#..##...##
#.
####.....###
...


You could see a friendly orc wizard skeleton.

Vanquished Creatures
  An orc wizard (D:3)
  An adder (D:2)
  A dart slug (D:3)
  5 endoplasms
  2 giant cockroaches (D:2)
  7 hobgoblins
  4 jackals (D:3)
  3 kobolds (D:1)
  2 quokkas (D:1)
  8 ball pythons
  3 bats
  5 frilled lizards
  3 goblins (D:1)
  5 rats
50 creatures vanquished.

Vanquished Creatures (collateral kills)
  A dart slug (D:2)
  2 endoplasms
  A ball python (D:1)
  5 frilled lizards
9 creatures vanquished.

Vanquished Creatures (others)
  2 fungi (D:2)
  8 plants (D:2)
10 creatures vanquished.

Grand Total: 69 creatures vanquished

Notes
Turn   | Place    | Note
-------+----------+-------------------------------------------
     0 | D:1      | sircluck the Mummy Necromancer began the quest for the Orb.
     0 | D:1      | Reached XP level 1. HP: 13/13 MP: 4/4
   249 | D:1      | Reached XP level 2. HP: 19/19 MP: 1/5
   363 | D:1      | Upgraded the game from 0.30-a0-830-gfe289a77b0 to
                  | 0.30-a0-840-ga523dec638
   857 | D:1      | Gained mutation: You are in touch with the powers of death.
                  | [Mummy growth]
   857 | D:1      | Reached XP level 3. HP: 22/24 MP: 0/7
  1513 | D:2      | Found a faded altar of an unknown god.
  1874 | D:3      | Reached XP level 4. HP: 30/30 MP: 7/9
  1991 | D:3      | Found Itigabo's General Store.
  2069 | D:3      | Found a radiant altar of Vehumet.
  2075 | D:3      | Reached skill level 5 in Necromancy
  2082 | D:3      | Slain by an orc wizard

Illustrated notes

Levels and vault maps discovered:
D:1:      lemuel_arrival_funnel, layout_basic
D:2:      layout_rooms, shapermc_ecumenical_altar_acropolis, minmay_lizard_king
D:3:      layout_rooms, palyth_temple_overflow_mages, serial_shops, shop,
          nicolae_shop_behind_doors, serial_co_window_serial, co_window_paths_a,
          co_window_paths_a, co_window_of_opportunity_a, co_window_paths_a,
          co_window_corner_a, co_window_corner_a, co_window_paths_a,
          co_window_of_opportunity_a, co_window_paths_b, co_window_broadway_c,
          co_window_paths_c, co_window_corner_b, co_window_of_opportunity_b,
          co_window_4corner_a

Skill      XL: |  1  2  3  4 |
---------------+-------------+-----
Spellcasting   | 3 |  3.7
Necromancy     | 5 |  5.0
Fighting       | |  0.2
Short Blades   | |  0.1
Maces & Flails | |  0.1
Dodging        | |  1.9
Stealth        | |  1.9
Unarmed Combat | |  0.1

Action                     |  1- 3 |  4- 6 || total
---------------------------+-------+-------++-------
  Melee: Unarmed           |    11 |       ||    11
         Dagger            |    52 |     6 ||    58
         Club              |     1 |       ||     1
   Cast: Necrotise         |    58 |    14 ||    72
   Stab: Distracted        |     1 |       ||     1
 Armour: Robe              |    10 |     1 ||    11
  Dodge: Dodged            |    49 |     5 ||    54

Table legend: (Time is in decaauts)
 A = Elapsed time spent in this place.
 B = Non-inter-level travel time spent in this place.
 C = Inter-level travel time spent in this place.
 D = Time resting spent in this place.
 E = Time spent auto-exploring this place.
 F = Levels seen in this place.
 G = Mean time per level.
                   A        B        C        D        E       F      G
               +--------+--------+--------+--------+--------+-----+--------+
         Total |   2081 |   2030 |     51 |      0 |   1436 |   3 |  693.7 |
       Dungeon |   2081 |   2030 |     51 |      0 |   1436 |   3 |  693.7 |
               +--------+--------+--------+--------+--------+-----+--------+

Top non-repeatable levels by time:
     D:1: 1206 daAuts
     D:2: 641 daAuts
     D:3: 233 daAuts
